 Dungeon Crawl Stone Soup version 0.19-a0-816-geccf914 (webtiles) character file.

26 MrRokkomies the Grave Robber (level 2, 0/21 HPs)
             Began as a Vampire Necromancer on June 29, 2016.
             Slain by an adder (3 damage)
             ... on level 2 of the Dungeon.
             The game lasted 00:03:54 (1281 turns).

MrRokkomies the Grave Robber (Vampire Necromancer)  Turns: 1281, Time: 00:03:55

Health: 0/21       AC:  3    Str:  7    XL:     2   Next: 89%
Magic:  1/5        EV: 12    Int: 17    God:
Gold:   89         SH:  0    Dex: 14    Spells: 2 memorised, 3 levels left

rFire  + . .     SeeInvis +     d - +0 spear
rCold  + . .     Gourm    .     a - +0 robe
rNeg   + + .     Faith    .     (no shield)
rPois  +         Spirit   .     (no helmet)
rElec  .         Dismiss  .     f - +0 cloak
rCorr  .         Reflect  .     (no gloves)
SustAt .         Harm     .     (no boots)
MR     .....                    (no amulet)
Stlth  ++........               (no ring)
                                j - ring of protection from fire

@: very slightly contaminated, regenerating slowly, not resistant to hostile
enchantments, unstealthy
A: fangs 3, see invisible, unbreathing
a: no special abilities


You were on level 2 of the Dungeon.
You were very thirsty.

You visited 1 branch of the dungeon, and saw 2 of its levels.

You collected 89 gold pieces.

Inventory:

Hand Weapons
 d - a +0 spear (weapon)
Armour
 a - a +0 robe (worn)
 f - a +0 cloak (worn)
Jewellery
 j - a ring of protection from fire (left hand)
Potions
 c - a potion of blood
 g - a potion of curing {unknown}
 h - a potion of invisibility {unknown}
Books
 b - a book of Necromancy

   Spells                             Type                      Level
   a - Pain                           Necromancy                   1
   b - Animate Skeleton               Necromancy                   1
   c - Vampiric Draining              Necromancy                   3
   d - Regeneration                   Charms/Necromancy            3
   e - Animate Dead                   Necromancy                   4
   f - Control Undead                 Necromancy                   4


   Skills:
 * Level 1.3 Fighting
 - Level 2.1 Dodging
 - Level 3.0 Stealth
 - Level 2.0 Spellcasting
 * Level 5.0 Necromancy


You had 3 spell levels left.
You knew the following spells:

 Your Spells              Type           Power        Failure   Level  Hunger
a - Pain                  Necr           ###.         2%          1    #......
b - Animate Skeleton      Necr           N/A          2%          1    #......


Dungeon Overview and Level Annotations

Branches:
Dungeon (2/15)

Altars:


Innate Abilities, Weirdness & Mutations

You heal slowly.
You have razor-sharp teeth.
You have supernaturally acute eyesight. (SInv)
You can survive without breathing.


Message History

The adder closely misses you.
Casting: Pain
Confirm with . or Enter, or press ? or * to list all spells.
Aiming: Pain
Press: ? - help, Shift-Dir - straight line, f/p - adder
Aim: an adder (severely wounded, chance to defeat MR: 84%)
You miscast Pain.
You are very lightly contaminated with residual magic.
Nothing appears to happen.
The giant cockroach misses you. The adder closely misses you.
Casting: Pain
Confirm with . or Enter, or press ? or * to list all spells.
Aiming: Pain
Press: ? - help, Shift-Dir - straight line, f/p - adder
Aim: an adder (severely wounded, chance to defeat MR: 84%)
The adder convulses in agony!
The giant cockroach bites you but does no damage.
The adder closely misses you. The giant cockroach barely misses you.
The adder bites you.
You die...

.. .....# ...
.....#
...#####.....#
.............#
.........$...#
.............
......sS..#
#....@..#
#.#..()...#
#.......###
#######.#####
#....#.....#
#..###.....#
#####....#.....#
#.....##.......#
#.######.......#


You could see an adder and a giant cockroach.

Vanquished Creatures
  An ooze (D:1)
  A giant gecko (D:1)
  A ball python (D:1)
  A bat (D:1)
  4 giant cockroaches (D:1)
  2 hobgoblins (D:1)
  2 kobolds (D:1)
  A giant newt (D:1)
  4 goblins
  A rat (D:1)
18 creatures vanquished.

Notes
Turn   | Place    | Note
--------------------------------------------------------------
     0 | D:1      | MrRokkomies the Vampire Necromancer began the quest for the Orb.
     0 | D:1      | Reached XP level 1. HP: 13/13 MP: 3/3
   372 | D:1      | Reached XP level 2. HP: 18/20 MP: 5/5
   636 | D:1      | Reached skill level 1 in Fighting
  1146 | D:1      | Reached skill level 5 in Necromancy
  1247 | D:2      | Learned a level 1 spell: Animate Skeleton
  1281 | D:2      | Slain by an adder

Vault maps used:
D:1:      saegor_arrival_simple_f, minmay_misc_feat_square,
          minmay_misc_feat_rows

Skill      XL: |  1  2 |
---------------+-------+-----
Fighting       | 1 |  1.3
Necromancy     | 5 |  5.0
Dodging        | |  2.1
Stealth        | |  3.0
Spellcasting   | |  2.0

Action                   || total
-------------------------++-------
Melee: Spear             ||    99
       Unarmed           ||     8
       Bite              ||     8
 Cast: Pain              ||     5
  Use: Scroll            ||     3
 Stab: Sleeping          ||     5
Armor: Robe              ||    37
Dodge: Dodged            ||    82
